| TOP OF THE 1ST |
|
South Bend Cubs batting - Pitching for Kane County Cougars : RHP Marco Rodriguez
|
|
Pitching: RHP Marco Rodriguez
|
|
|
Batting: RHB Dan Orozco
|
0-0: Foul Ball, location: 2F 0-1: Called Strike 0-2: Ball 1-2: Strikes out swinging
|
|
Batting: RHB Adrian Cox
|
0-0: Ball 1-0: Foul Ball, location: 2F 1-1: Called Strike 1-2: Foul Ball, location: 2F 1-2: Foul Ball, location: 2F 1-2: Foul Ball, location: 2F 1-2: Foul Ball, location: 2F 1-2: Foul Ball, location: 2F 1-2: Foul Ball, location: 2F 1-2: Ball 2-2: Strikes out looking
|
|
Batting: RHB Erik Smith
|
0-0: Called Strike 0-1: Ground out 4-3 (Groundball, 4, EV 83.8 MPH)
|
| Top of the 1st over - 0 runs, 0 hits, 0 errors, 0 left on base; South Bend 0 - Kane County 0 |
| BOTTOM OF THE 1ST |
|
Kane County Cougars batting - Pitching for South Bend Cubs : RHP Scott Hanson
|
|
Pitching: RHP Scott Hanson
|
|
|
Batting: RHB Mike Smith
|
0-0: Foul Ball, location: 2F 0-1: Ball 1-1: Ball 2-1: Foul Ball, location: 2F 2-2: Fly out, F9 (Flyball, 9D, EV 92.5 MPH)
|
|
Batting: RHB Daniel Rivera
|
0-0: Swinging Strike 0-1: Foul Ball, location: 2F 0-2: Ball 1-2: SINGLE (Line Drive, 6D, EV 97.5 MPH)
|
|
Batting: RHB Chad Mendoza
|
0-0: Fly out, F8 (Flyball, 8LD, EV 105.6 MPH)
|
|
Batting: RHB Longfellow Wetzler
|
0-0: Called Strike 0-1: Ball 1-1: Ball 2-1: Ball 3-1: DOUBLE (Flyball, 8LXD, EV 109.4 MPH) Daniel Rivera to third
|
|
Batting: RHB Cesar Rendon
|
0-0: Ball 1-0: Ball 2-0: Ball 3-0: Base on Balls
|
|
Pitching: RHP Steve Vint
|
|
|
Batting: SHB Blaine Peters
|
0-0: Ball 1-0: Called Strike 1-1: Ball 2-1: Foul Ball, location: 2F 2-2: Foul Ball, location: 2F 2-2: Foul Ball, location: 2F 2-2: Ball 3-2: Base on Balls Daniel Rivera scores Longfellow Wetzler to third Cesar Rendon to second
|
|
Batting: RHB Sergio Manzanero
|
0-0: Foul Ball, location: 2F 0-1: Fly out, F8 (Flyball, 8RM, EV 90.0 MPH)
|
| Bottom of the 1st over - 1 run, 2 hits, 0 errors, 3 left on base; South Bend 0 - Kane County 1 |
| TOP OF THE 2ND |
|
South Bend Cubs batting - Pitching for Kane County Cougars : RHP Marco Rodriguez
|
|
Batting: RHB Mike Stein
|
0-0: Fly out, F9 (Flyball, 9, EV 90.0 MPH)
|
|
Batting: RHB David Bousfield
|
0-0: Called Strike 0-1: Ball 1-1: Ball 2-1: Foul Ball, location: 2F 2-2: Foul Ball, location: 2F 2-2: Strikes out swinging
|
|
Batting: RHB Mike Hill
|
0-0: Ball 1-0: SINGLE (Groundball, 25, EV 58.8 MPH) (infield hit)
|
|
Batting: RHB Josh Burns
|
Pickoff Throw to First - Out! 1-3 CS
|
| Top of the 2nd over - 0 runs, 1 hit, 0 errors, 0 left on base; South Bend 0 - Kane County 1 |
| BOTTOM OF THE 2ND |
|
Kane County Cougars batting - Pitching for South Bend Cubs : RHP Steve Vint
|
|
Batting: RHB John Ricketts
|
0-0: Ball 1-0: Foul Ball, location: 2F 1-1: Swinging Strike 1-2: SINGLE (Groundball, 6MD, EV 95.0 MPH)
|
|
Batting: LHB Jeff Trapp
|
0-0: SINGLE (Groundball, 13S, EV 66.2 MPH) (infield hit) John Ricketts to second
|
|
Batting: RHB Mike Smith
|
0-0: Called Strike 0-1: DOUBLE (Line Drive, 89M, EV 100.0 MPH) John Ricketts scores Jeff Trapp to third
|
|
Batting: RHB Daniel Rivera
|
0-0: Ball 1-0: Foul Ball, location: 2F 1-1: Ground out 6-3 (Groundball, 6M, EV 97.5 MPH) Jeff Trapp scores Mike Smith to third
|
|
Pitching: RHP Melvin Orengo
|
|
|
Batting: RHB Chad Mendoza
|
0-0: Fly out, F8 (Flyball, 8LS, EV 90.0 MPH)
|
|
Batting: RHB Longfellow Wetzler
|
0-0: Called Strike 0-1: Ball 1-1: Swinging Strike 1-2: Strikes out swinging
|
| Bottom of the 2nd over - 2 runs, 3 hits, 0 errors, 1 left on base; South Bend 0 - Kane County 3 |
| TOP OF THE 3RD |
|
South Bend Cubs batting - Pitching for Kane County Cougars : RHP Marco Rodriguez
|
|
Batting: RHB Josh Burns
|
0-0: Called Strike 0-1: Foul Ball, location: 2F 0-2: Strikes out looking
|
|
Batting: RHB Victor Ramirez
|
0-0: Ball 1-0: Called Strike 1-1: Foul Ball, location: 2F 1-2: Foul Ball, location: 2F 1-2: Strikes out looking
|
|
Batting: RHB Ryan Bush
|
0-0: Swinging Strike 0-1: Called Strike 0-2: Strikes out swinging
|
| Top of the 3rd over - 0 runs, 0 hits, 0 errors, 0 left on base; South Bend 0 - Kane County 3 |
| BOTTOM OF THE 3RD |
|
Kane County Cougars batting - Pitching for South Bend Cubs : RHP Melvin Orengo
|
|
Batting: RHB Cesar Rendon
|
0-0: Ball 1-0: Foul Ball, location: 2F 1-1: Foul Ball, location: 2F 1-2: Foul Ball, location: 2F 1-2: Fly out, F8 (Line Drive, 78M, EV 102.5 MPH)
|
|
Batting: SHB Blaine Peters
|
0-0: Ball 1-0: Fly out, F6 (Line Drive, 56D, EV 61.2 MPH)
|
|
Batting: RHB Sergio Manzanero
|
0-0: Ball 1-0: Ball 2-0: Ball 3-0: Base on Balls
|
|
Batting: RHB John Ricketts
|
0-0: Ball 1-0: Ball 2-0: Foul Ball, location: 2F 2-1: DOUBLE (Line Drive, 9LS, EV 109.4 MPH) Sergio Manzanero to third
|
|
Pitching: RHP Andrew Dopp
|
|
|
Batting: LHB Jeff Trapp
|
0-0: Called Strike 0-1: Ball Wild Pitch! Sergio Manzanero scores John Ricketts to third 1-1: Ball 2-1: Fly out, F8 (Line Drive, 78M, EV 103.8 MPH)
|
| Bottom of the 3rd over - 1 run, 1 hit, 0 errors, 1 left on base; South Bend 0 - Kane County 4 |
| TOP OF THE 4TH |
|
South Bend Cubs batting - Pitching for Kane County Cougars : RHP Marco Rodriguez
|
|
Batting: RHB Dan Orozco
|
0-0: Ball 1-0: Foul Ball, location: 2F 1-1: Foul Ball, location: 2F 1-2: Ball 2-2: SINGLE (Groundball, 6MD, EV 94.4 MPH)
|
|
Batting: RHB Adrian Cox
|
0-0: Ball 1-0: Called Strike 1-1: Grounds into double play, 5-4-3 (Groundball, 5L, EV 102.5 MPH)
|
|
Batting: RHB Erik Smith
|
0-0: Called Strike 0-1: Called Strike 0-2: Foul Ball, location: 2F 0-2: Foul Ball, location: 2F 0-2: Ball 1-2: Ball 2-2: Fly out, F5 (Popup, 15, EV 88.8 MPH)
|
| Top of the 4th over - 0 runs, 1 hit, 0 errors, 0 left on base; South Bend 0 - Kane County 4 |
| BOTTOM OF THE 4TH |
|
Kane County Cougars batting - Pitching for South Bend Cubs : RHP Andrew Dopp
|
|
Batting: RHB Mike Smith
|
0-0: Foul Ball, location: 2F 0-1: DOUBLE (Line Drive, 9LM, EV 108.8 MPH)
|
|
Batting: RHB Daniel Rivera
|
0-0: Called Strike 0-1: Fly out, F8 (Flyball, 8RD, EV 83.8 MPH)
|
|
Batting: RHB Chad Mendoza
|
0-0: Ball 1-0: DOUBLE (Line Drive, 78D, EV 102.5 MPH) Mike Smith scores
|
|
Batting: RHB Longfellow Wetzler
|
0-0: Swinging Strike 0-1: SINGLE (Groundball, 34D, EV 105.0 MPH) Chad Mendoza to third
|
|
Batting: RHB Cesar Rendon
|
0-0: Ball 1-0: Ball 2-0: Called Strike 2-1: Swinging Strike 2-2: Foul Ball, location: 2F 2-2: Ball 3-2: Base on Balls Longfellow Wetzler to second
|
|
Pitching: RHP Angel Pesina
|
|
|
Batting: SHB Blaine Peters
|
0-0: Ball 1-0: Foul Ball, location: 2F 1-1: Foul Ball, location: 2F 1-2: Foul Ball, location: 2F 1-2: SINGLE (Groundball, 34D, EV 105.0 MPH) Chad Mendoza scores Longfellow Wetzler to third Cesar Rendon to second
|
|
Batting: RHB Sergio Manzanero
|
0-0: Ball 1-0: Ball 2-0: Called Strike 2-1: Ball 3-1: Base on Balls Longfellow Wetzler scores Cesar Rendon to third Blaine Peters to second
|
|
Batting: RHB John Ricketts
|
0-0: Called Strike 0-1: TRIPLE (Flyball, 9D, EV 100.0 MPH) Cesar Rendon scores Blaine Peters scores Sergio Manzanero scores
|
|
Batting: LHB Jeff Trapp
|
0-0: Ground out U3 (Groundball, 13, EV 87.5 MPH) John Ricketts scores
|
|
Batting: RHB Mike Smith
|
0-0: Ball 1-0: Called Strike 1-1: Ball 2-1: Foul Ball, location: 2F 2-2: Ball 3-2: Base on Balls
|
|
Pitching: LHP Gilberto Alvarado
|
|
|
Batting: RHB Daniel Rivera
|
0-0: Ball 1-0: Called Strike 1-1: Ball 2-1: Ball 3-1: Base on Balls Mike Smith to second
|
|
Batting: RHB Chad Mendoza
|
0-0: Swinging Strike 0-1: Ground out 4-3 (Groundball, 4, EV 97.5 MPH)
|
| Bottom of the 4th over - 7 runs, 5 hits, 0 errors, 2 left on base; South Bend 0 - Kane County 11 |
| TOP OF THE 5TH |
|
South Bend Cubs batting - Pitching for Kane County Cougars : RHP Marco Rodriguez
|
|
Batting: RHB Mike Stein
|
0-0: Called Strike 0-1: Ball 1-1: Ball 2-1: SINGLE (Groundball, 56D, EV 97.5 MPH)
|
|
Batting: RHB David Bousfield
|
0-0: Called Strike 0-1: Ball 1-1: Foul Ball, location: 2F 1-2: Strikes out swinging
|
|
Batting: RHB Mike Hill
|
0-0: Foul Ball, location: 2F 0-1: Fly out, F4 (Popup, 3DF, EV 69.4 MPH)
|
|
Batting: RHB Josh Burns
|
0-0: Called Strike 0-1: Ball 1-1: Foul Ball, location: 2F 1-2: Ball 2-2: Fly out, F5 (Line Drive, 5L, EV 71.2 MPH)
|
| Top of the 5th over - 0 runs, 1 hit, 0 errors, 1 left on base; South Bend 0 - Kane County 11 |
| BOTTOM OF THE 5TH |
|
Kane County Cougars batting - Pitching for South Bend Cubs : LHP Gilberto Alvarado
|
|
Batting: RHB Longfellow Wetzler
|
0-0: Ball 1-0: Called Strike 1-1: Ball 2-1: SINGLE (Groundball, 6D, EV 97.5 MPH)
|
|
Batting: RHB Cesar Rendon
|
0-0: Ball 1-0: Foul Ball, location: 2F 1-1: Ball 2-1: Grounds into double play, 6-4-3 (Groundball, 56, EV 83.8 MPH)
|
|
Batting: SHB Blaine Peters
|
0-0: SINGLE (Line Drive, 6D, EV 93.8 MPH)
|
|
Batting: RHB Sergio Manzanero
|
0-0: Ball 1-0: Ball 2-0: Ground out 5-3 (Groundball, 5S, EV 68.8 MPH)
|
| Bottom of the 5th over - 0 runs, 2 hits, 0 errors, 1 left on base; South Bend 0 - Kane County 11 |
| TOP OF THE 6TH |
|
South Bend Cubs batting - Pitching for Kane County Cougars : RHP Marco Rodriguez
|
|
Batting: RHB Victor Ramirez
|
0-0: Called Strike 0-1: Ball 1-1: Swinging Strike 1-2: Ground out 6-3 (Groundball, 4MS, EV 70.0 MPH)
|
|
Batting: RHB Ryan Bush
|
0-0: Called Strike 0-1: Ball 1-1: Ball 2-1: Swinging Strike 2-2: Strikes out swinging
|
|
Batting: RHB Dan Orozco
|
0-0: Ball 1-0: Ball 2-0: Called Strike 2-1: Fly out, F9 (Line Drive, 89S, EV 90.6 MPH)
|
| Top of the 6th over - 0 runs, 0 hits, 0 errors, 0 left on base; South Bend 0 - Kane County 11 |
| BOTTOM OF THE 6TH |
|
Kane County Cougars batting - Pitching for South Bend Cubs : LHP Gilberto Alvarado
|
|
Batting: RHB John Ricketts
|
0-0: Ball 1-0: Foul Ball, location: 2F 1-1: Swinging Strike 1-2: DOUBLE (Line Drive, 89M, EV 95.6 MPH)
|
|
Batting: LHB Jeff Trapp
|
0-0: Called Strike 0-1: Foul Ball, location: 2F 0-2: Foul Ball, location: 2F 0-2: Ground out 6-3 (Groundball, 6, EV 85.6 MPH) John Ricketts to third
|
|
Batting: RHB Mike Smith
|
0-0: Ball 1-0: Fly out, F8 (Flyball, 8LD, EV 97.5 MPH) Runner from 3rd tags up, SCORES, throw by CF
|
|
Batting: RHB Daniel Rivera
|
0-0: Ground out 5-3 (Groundball, 5, EV 90.0 MPH)
|
| Bottom of the 6th over - 1 run, 1 hit, 0 errors, 0 left on base; South Bend 0 - Kane County 12 |
| TOP OF THE 7TH |
|
South Bend Cubs batting - Pitching for Kane County Cougars : RHP Marco Rodriguez
|
|
Pinch Hitting: RHB Dave de Wolff
|
0-0: Ball 1-0: Foul Ball, location: 2F 1-1: DOUBLE (Line Drive, 7LS, EV 91.9 MPH)
|
|
Batting: RHB Erik Smith
|
0-0: Ball 1-0: Called Strike 1-1: Ball 2-1: DOUBLE (Line Drive, 3D, EV 97.5 MPH) Dave de Wolff scores
|
|
Batting: RHB Mike Stein
|
0-0: Ball 1-0: Fly out, F9 (Flyball, 9D, EV 91.2 MPH) Runner from 2nd tags up, SAFE at 3rd, no throw by RF
|
|
Batting: RHB David Bousfield
|
0-0: Called Strike 0-1: Ground out U3 (Groundball, 34S, EV 88.8 MPH) Erik Smith scores
|
|
Batting: RHB Mike Hill
|
0-0: Ball 1-0: Foul Ball, location: 2F 1-1: Swinging Strike 1-2: Ball 2-2: Foul Ball, location: 2F 2-2: Foul Ball, location: 2F 2-2: Foul Ball, location: 2F 2-2: DOUBLE (Line Drive, 9LS, EV 104.4 MPH)
|
|
Batting: RHB Josh Burns
|
0-0: Ball 1-0: Called Strike 1-1: Ball 2-1: Foul Ball, location: 2F 2-2: Ball 3-2: Ground out 1-3 (Groundball, 13, EV 75.6 MPH)
|
| Top of the 7th over - 2 runs, 3 hits, 0 errors, 1 left on base; South Bend 2 - Kane County 12 |
| BOTTOM OF THE 7TH |
|
Kane County Cougars batting - Pitching for South Bend Cubs : LHP Gilberto Alvarado
|
|
Now in CF: Dave de Wolff
|
|
|
Batting: RHB Chad Mendoza
|
0-0: Ball 1-0: Called Strike 1-1: Called Strike 1-2: Ball 2-2: Foul Ball, location: 2F 2-2: Reached on error, E5 (Groundball, 56, EV 85.6 MPH)
|
|
Batting: RHB Longfellow Wetzler
|
0-0: Ball 1-0: Ball 2-0: Ball 3-0: Base on Balls Chad Mendoza to second
|
|
Batting: RHB Cesar Rendon
|
0-0: 3-RUN HOME RUN (Line Drive, 7D, EV 110.6 MPH), Distance : 408 ft
|
|
Batting: SHB Blaine Peters
|
0-0: Ball 1-0: Ball 2-0: Ball 3-0: Swinging Strike 3-1: Foul Ball, location: 2F 3-2: Fly out, F8 (Flyball, 78D, EV 93.8 MPH)
|
|
Batting: RHB Sergio Manzanero
|
0-0: Foul Ball, location: 2F 0-1: Ball 1-1: Ball 2-1: Ball 3-1: SINGLE (Line Drive, 4MD, EV 98.1 MPH)
|
|
Batting: RHB John Ricketts
|
0-0: Ball 1-0: Ball 2-0: Called Strike 2-1: Swinging Strike 2-2: Strikes out swinging
|
|
Batting: LHB Jeff Trapp
|
0-0: Ball Wild Pitch! Sergio Manzanero to second 1-0: Ball 2-0: Ball 3-0: Called Strike 3-1: Base on Balls
|
|
Batting: RHB Mike Smith
|
0-0: TRIPLE (Flyball, 78XD, EV 96.2 MPH) Sergio Manzanero scores Jeff Trapp scores
|
|
Batting: RHB Daniel Rivera
|
0-0: Fly out, F6 (Popup, 6MS, EV 81.2 MPH)
|
| Bottom of the 7th over - 5 runs, 3 hits, 1 error, 1 left on base; South Bend 2 - Kane County 17 |
| TOP OF THE 8TH |
|
South Bend Cubs batting - Pitching for Kane County Cougars : RHP Marco Rodriguez
|
|
Pitching: RHP Willie Lasso
|
|
|
Batting: RHB Victor Ramirez
|
0-0: Called Strike 0-1: Reached on error, E2 (Groundball, 2R, EV 73.8 MPH)
|
|
Batting: RHB Ryan Bush
|
0-0: Called Strike 0-1: Ball 1-1: Foul Ball, location: 2F 1-2: Ball 2-2: Foul Ball, location: 2F 2-2: Strikes out swinging
|
|
Batting: RHB Dan Orozco
|
0-0: Swinging Strike 0-1: Called Strike 0-2: Foul Ball, location: 2F 0-2: Strikes out swinging
|
|
Batting: RHB Dave de Wolff
|
0-0: Foul Ball, location: 2F 0-1: Called Strike 0-2: Ball 1-2: Ball 2-2: Ball 3-2: Strikes out swinging
|
| Top of the 8th over - 0 runs, 0 hits, 1 error, 1 left on base; South Bend 2 - Kane County 17 |
| BOTTOM OF THE 8TH |
|
Kane County Cougars batting - Pitching for South Bend Cubs : LHP Gilberto Alvarado
|
|
Batting: RHB Chad Mendoza
|
0-0: Ground out U3 (Groundball, 3S, EV 63.1 MPH)
|
|
Batting: RHB Longfellow Wetzler
|
0-0: DOUBLE (Flyball, 8RXD, EV 107.5 MPH)
|
|
Batting: RHB Cesar Rendon
|
0-0: Ball 1-0: Ball 2-0: Ball 3-0: Base on Balls
|
|
Batting: SHB Blaine Peters
|
0-0: SINGLE (Groundball, 13S, EV 65.0 MPH) (infield hit) Longfellow Wetzler to third Cesar Rendon to second
|
|
Batting: RHB Sergio Manzanero
|
0-0: Hit by Pitch Longfellow Wetzler scores Cesar Rendon to third Blaine Peters to second
|
|
Batting: RHB John Ricketts
|
0-0: Called Strike 0-1: Foul Ball, location: 2F 0-2: Ball 1-2: Strikes out looking
|
|
Batting: LHB Jeff Trapp
|
0-0: Fielders Choice at 2nd, 5-4 (Groundball, 5, EV 101.2 MPH)
|
| Bottom of the 8th over - 1 run, 2 hits, 0 errors, 3 left on base; South Bend 2 - Kane County 18 |
| TOP OF THE 9TH |
|
South Bend Cubs batting - Pitching for Kane County Cougars : RHP Willie Lasso
|
|
Batting: RHB Erik Smith
|
0-0: Foul Ball, location: 2F 0-1: Ground out U3 (Groundball, 13, EV 83.1 MPH)
|
|
Batting: RHB Mike Stein
|
0-0: SINGLE (Line Drive, 7LS, EV 94.4 MPH)
|
|
Batting: RHB David Bousfield
|
0-0: Foul Ball, location: 2F 0-1: Swinging Strike 0-2: Strikes out swinging
|
|
Batting: RHB Mike Hill
|
0-0: Ball 1-0: Ball 2-0: Called Strike 2-1: Called Strike 2-2: Ball 3-2: Base on Balls Mike Stein to second
|
|
Batting: RHB Josh Burns
|
0-0: DOUBLE (Line Drive, 9LM, EV 107.5 MPH) Mike Stein scores Mike Hill to third
|
|
Batting: RHB Victor Ramirez
|
0-0: Ball Wild Pitch! Mike Hill scores Josh Burns to third 1-0: Ball 2-0: Called Strike 2-1: SINGLE (Groundball, 2L, EV 67.5 MPH) (infield hit) Josh Burns scores
|
|
Batting: RHB Ryan Bush
|
0-0: Called Strike 0-1: Ball 1-1: Called Strike 1-2: Ball 2-2: Strikes out swinging
|
| Top of the 9th over - 3 runs, 3 hits, 0 errors, 1 left on base; South Bend 5 - Kane County 18 |
|